 Dungeon Crawl Stone Soup version 0.24-a0-459-g225fefd530 (webtiles) character file.

Game seed: 9665191231469342843

3205 Murumi the Blocker (level 9, -2/57 HPs)
             Began as a Gargoyle Fighter on June 30, 2019.
             Killed by divine providence
             ... invoked by an orc priest
              (13 damage)
             ... on level 7 of the Dungeon.
             The game lasted 00:34:19 (7541 turns).

Murumi the Blocker (Gargoyle Fighter)               Turns: 7541, Time: 00:34:20

Health: -2/57      AC: 20    Str: 31    XL:     9   Next: 96%
Magic:  10/10      EV: 14    Int:  9    God:
Gold:   254        SH: 13    Dex: 14    Spells: 8/8 levels left

rFire    . . .     SeeInvis .   a - +0 flail
rCold    + . .     Gourm    .   c - +1 shield
rNeg     + . .     Faith    .   s - +0 chain mail
rPois    ∞         Spirit   .   e - +0 helmet
rElec    +         Reflect  .   z - +0 cloak
rCorr    .         Harm     .   x - +0 pair of gloves
MR       .....                  (no boots)
Stlth    ..........             q - amulet of magic regeneration
HPRegen  0.19/turn              m - ring of protection from cold
MPRegen  0.37/turn              w - +3 ring of strength

@: mighty, agile
A: negative energy resistance 1, electricity resistance, unbreathing,
petrification resistance, rot immunity, AC +6
a: no special abilities


You were on level 7 of the Dungeon.
You were not hungry.

You visited 2 branches of the dungeon, and saw 8 of its levels.

You collected 254 gold pieces.

Inventory:

Hand Weapons
 a - a +0 flail (weapon)
 f - a +0 hunting sling
Missiles
 g - 192 stones (quivered)
Armour
 c - a +1 shield (worn)
 e - a +0 helmet (worn)
 s - a +0 chain mail (worn)
 x - a +0 pair of gloves (worn)
 z - a +0 cloak (worn)
Jewellery
 m - a ring of protection from cold (left hand)
 q - an amulet of magic regeneration (around neck)
 w - a +3 ring of strength (right hand)
Wands
 u - a wand of scattershot (4)
 v - a wand of iceblast (25)
 B - a wand of flame (19)
Scrolls
 b - 2 scrolls of enchant armour
 n - 4 scrolls of remove curse
 o - 2 scrolls of blinking
 y - 3 scrolls of teleportation
 A - 3 scrolls of amnesia
Potions
 d - a potion of might
 i - 2 potions of magic
 j - a potion of haste
 k - 4 potions of flight
 l - a potion of mutation
 p - a potion of ambrosia
 r - 2 potions of cancellation
Comestibles
 h - 8 rations
 C - 3 chunks of flesh


   Skills:
 - Level 7.1 Fighting
 - Level 5.0 Maces & Flails
 + Level 5.9 Slings
 - Level 6.0 Armour
 - Level 2.2 Dodging
 - Level 8.4 Shields
 - Level 2.2 Evocations


You had 8 spell levels left.
You didn't know any spells.
Your spell library contained the following spells:

 Spells                   Type           Power        Failure   Level  Hunger
 Animate Skeleton         Necr           N/A          99%         1    ##.....
 Apportation              Tloc           #.....       99%         1    ##.....
 Confusing Touch          Hex            #.....       99%         1    ##.....
 Pain                     Necr           #...         99%         1    ##.....
 Summon Small Mammal      Summ           #...         99%         1    ##.....
 Call Imp                 Summ           #.......     99%         2    ###....
 Call Canine Familiar     Summ           #.......     100%        3    ####...
 Regeneration             Chrm/Necr      #.........   100%        3    ####...
 Summon Guardian Golem    Hex/Summ       #.......     100%        3    ####...
 Vampiric Draining        Necr           #.........   100%        3    ####...
 Animate Dead             Necr           N/A          100%        4    #####..
 Summon Ice Beast         Ice/Summ       #.......     100%        4    #####..
 Summon Lightning Spire   Summ/Air       #.......     100%        4    #####..


Dungeon Overview and Level Annotations

Branches:
Dungeon (7/15)             Temple (1/1) D:4

Altars:
Cheibriados
Elyvilon
Fedhas
Gozag
Hepliaklqana
Kikubaaqudgha
Makhleb
Nemelex Xobeh
Qazlal
Ru
Sif Muna
Trog
Vehumet
Wu Jian
Yredelemnul
The Shining One


Innate Abilities, Weirdness & Mutations

You are resistant to torment.
Your stone body is resilient. (AC +6)
You are immune to poison.
You resist negative energy. (rN+)
You are resistant to electric shocks. (rElec)
You can survive without breathing.
You are immune to petrification.
You are immune to rotting.


Message History

The orc wizard gestures wildly while chanting.
The orc wizard flickers and vanishes!
Deactivating autopickup; reactivate with Ctrl-A.
You block the orc's attack.
You feel agile all of a sudden.
The orc warrior hits you but does no damage.
You block the orc's attack.
You bludgeon the orc!!
You kill the orc!
You block the orc warrior's attack. You block the orc warrior's attack.
There is an open door here.
You hear some strange, mumbled words.
Something tries to affect you, but you resist.
You hit the orc priest but do no damage.
The orc priest is lightly wounded.
You block the orc warrior's attack.
The orc priest calls down the wrath of Beogh upon you.
Beogh smites you!
You die...

$..........'
####.##....#
########..#....#
#.........#....#
#...............
#........#...... #.##
#........#.##...
#....###........#..#...
#.....@o(.......##.#...
########o.......##.....
#........# #....
#.(......# #....
#....(...# #...
#..........# #..#
#...(.......####'#
#...(.......##....
#..........!##....


You could see an orc warrior and an orc priest.

Vanquished Creatures
  Harold (D:6)
  4 humans (D:6)
  Menkaure (D:6)
  3 ogres
  2 centaurs (D:7)
  2 bullfrogs
  10 killer bees (D:6)
  2 howler monkeys (D:5)
  2 crimson imps
  A gnoll shaman (D:6)
  3 hounds
  A jelly (D:5)
  2 orc priests
  5 orc wizards
  A worker ant (D:4)
  A howler monkey zombie (D:6)
  11 gnolls
  11 adders
  A shadow imp (D:5)
  An ooze (D:4)
  2 adder skeletons
  An adder zombie (D:6)
  A worm (D:2)
  3 dart slugs (D:1)
  4 leopard geckos
  27 orcs
  10 bats
  6 giant cockroaches
  11 goblins
  6 hobgoblins
  6 jackals
  3 quokkas
  4 frilled lizards
  A jackal skeleton (D:4)
  A jackal zombie (D:7)
  4 kobolds
  8 rats
163 creatures vanquished.

Notes
Turn   | Place    | Note
-------+----------+-------------------------------------------
     0 | D:1      | Murumi the Gargoyle Fighter began the quest for the Orb.
     0 | D:1      | Reached XP level 1. HP: 14/14 MP: 1/1
    86 | D:1      | Reached skill level 1 in Dodging
    88 | D:1      | Reached XP level 2. HP: 14/19 MP: 2/2
   367 | D:1      | Reached XP level 3. HP: 23/23 MP: 3/3
  1005 | D:2      | Reached skill level 1 in Slings
  1305 | D:2      | Reached XP level 4. HP: 28/28 MP: 4/4
  2119 | D:3      | Found an ancient bone altar of Kikubaaqudgha.
  2126 | D:3      | Reached XP level 5. HP: 33/33 MP: 5/5
  2305 | D:3      | You fall into a shaft and drop 2 floors!
  2305 | D:5      | Entered Level 5 of the Dungeon
  2334 | D:5      | Reached skill level 5 in Armour
  2347 | D:5      | Reached skill level 1 in Evocations
  2347 | D:5      | Reached XP level 6. HP: 4/38 MP: 5/7
  2805 | D:5      | Found an ornate altar of the Wu Jian Council.
  2857 | D:5      | Reached skill level 4 in Shields
  2925 | D:4      | Found a staircase to the Ecumenical Temple.
  3292 | D:3      | Found a deep blue altar of Sif Muna.
  3292 | D:3      | Found a radiant altar of Vehumet.
  3294 | D:3      | Reached XP level 7. HP: 41/43 MP: 8/8
  3607 | Temple   | Entered the Ecumenical Temple
  4188 | D:4      | Reached skill level 5 in Shields
  4401 | D:4      | Found a basalt altar of Yredelemnul.
  5085 | D:6      | Reached skill level 5 in Fighting
  5114 | D:6      | Noticed a human
  5114 | D:6      | Noticed a human
  5117 | D:6      | Noticed a human
  5143 | D:6      | Killed a human
  5143 | D:6      | Reached XP level 8. HP: 47/49 MP: 9/9
  5384 | D:6      | Reached skill level 5 in Maces & Flails
  5972 | D:6      | Reached XP level 9. HP: 57/57 MP: 10/10
  6073 | D:7      | Noticed Harold
  6093 | D:6      | Reached skill level 6 in Shields
  6221 | D:6      | Killed Harold
  6221 | D:6      | Reached skill level 8 in Shields
  6456 | D:7      | Noticed Menkaure
  6474 | D:6      | Killed Menkaure
  7163 | D:7      | Reached skill level 5 in Slings
  7541 | D:7      | Killed from afar by an orc priest

Levels and vault maps discovered:
D:1:      dpeg_arrival_signposts, layout_basic, hangedman_feature_mirror,
          item_on_display_a
D:2:      layout_rooms
D:3:      layout_basic, lemuel_round_altar, gammafunk_temple_overflow_pools,
          hangedman_decor_lopped
D:4:      layout_rooms, nicolae_overflow_crystal_walls,
          minmay_temple_entry_arrows, hangedman_abyss_or_decor_passed
D:5:      layout_cave_pools, kennysheep_mini_moat, first_ration,
          serial_bayou_pond_e
D:6:      layout_basic, minmay_ruffians
D:7:      layout_basic, uniq_menkaure, uniq_harold
Temple:   minmay_temple_curvy_loop

Skill      XL: |  1  2  3  4  5  6  7  8  9 |
---------------+----------------------------+-----
Dodging        | 1 2 |  2.2
Maces & Flails | 3 4 5 |  5.0
Slings         | 1 2 4 5 |  5.9
Fighting       | 4 5 7 |  7.1
Armour         | 5 6 |  6.0
Evocations     | 1 2 |  2.2
Shields        | 4 5 8 |  8.4

Action                   |  1- 3 |  4- 6 |  7- 9 || total
-------------------------+-------+-------+-------++-------
Melee: Flail             |   104 |   181 |   560 ||   845
 Fire: Hunting sling     |    42 |   126 |   117 ||   285
Throw: Stone             |    11 |       |       ||    11
  Use: Scroll            |     7 |     3 |     7 ||    17
       Potion            |       |       |     5 ||     5
  Eat: Chunk             |     1 |     7 |    15 ||    23
Armor: Scale mail        |    71 |    26 |       ||    97
       Chain mail        |       |    87 |   334 ||   421
Dodge: Dodged            |    40 |    52 |   148 ||   240
Block: Shield            |    80 |   138 |   366 ||   584

Table legend:
 A = Non-vault XP
 B = Vault XP
 C = Vault XP percentage of total XP
 D = Non-vault monster count
 E = Vault monster count
 F = Vault count percentage of total count
                 A         B        C        D         E       F
            +---------+---------+-------+---------+---------+-------
      Total |    2657 |    1922 |  42.0 |     157 |       6 |   3.7
            +---------+---------+-------+---------+---------+-------
        D:1 |      54 |       0 |   0.0 |      23 |       0 |   0.0
        D:2 |      71 |       0 |   0.0 |      20 |       0 |   0.0
        D:3 |      79 |       0 |   0.0 |      27 |       0 |   0.0
        D:4 |     403 |       0 |   0.0 |      22 |       0 |   0.0
        D:5 |     422 |       0 |   0.0 |      11 |       0 |   0.0
        D:6 |    1133 |    1922 |  62.9 |      32 |       6 |  15.8
        D:7 |     495 |       0 |   0.0 |      22 |       0 |   0.0
            +---------+---------+-------+---------+---------+-------
